 Dungeon Crawl Stone Soup version 0.15-a0-1569-gdbe329f (console) character file.

82 Money the Ruffian (level 4, -1/23 HPs)
             Began as a Vine Stalker Gladiator on June 18, 2014.
             Slain by an orc
             ... wielding a +1 flail
              (6 damage)
             ... on Level 2 of the Dungeon.
             The game lasted 00:02:24 (453 turns).

Money the Ruffian (Vine Stalker Gladiator)           Turns: 453, Time: 00:02:24

HP  -1/23        AC  7     Str 18      XL: 4   Next: 43%
MP   0/5         EV  8     Int  8      God:
Gold 31          SH  0     Dex 15      Spells:  0 memorised,  3 levels left

rFire  . . .     SeeInvis .     a - +0 cutlass
rCold  . . .     Clarity  .     m - +0 scale mail
rNeg   . . .     rCorr    .     (no shield)
rPois  .         rRot     +     c - +0 helmet
rElec  .         Spirit   +     (no cloak)
SustAb .         Warding  .     (no gloves)
rMut   .         Stasis   +     (no boots)
Gourm  .                        l - amulet of stasis
MR     .....                    (no ring)
                                (no ring)

@: not resistant to hostile enchantments, extremely unstealthy
A: fangs 2, regeneration 1, magic shield, antimagic bite, no device heal 3, rot
immunity
a: no special abilities


You were on level 2 of the Dungeon.
You were not hungry.

You visited 1 branch of the dungeon, and saw 3 of its levels.

You collected 31 gold pieces.

Inventory:

Hand weapons
 a - a +0 cutlass (weapon)
Missiles
 d - 3 throwing nets (quivered)
Armour
 b - a +0 leather armour
 c - a +0 helmet (worn)
 g - a +0 scale mail
 i - a +0 ring mail
 m - a +0 scale mail (worn)
 n - a +2 leather armour
Comestibles
 f - a bread ration
Scrolls
 e - a scroll of random uselessness {unknown}
 h - 2 scrolls of identify {unknown}
 j - a scroll of remove curse {unknown}
 k - a scroll of amnesia {unknown}
Jewellery
 l - an amulet of stasis (around neck)


   Skills:
 - Level 1.7 Fighting
 - Level 2.6 Short Blades
 - Level 1.7 Throwing
 - Level 2.4 Dodging
 + Level 3.9 Unarmed Combat


You had 3 spell levels left.
You didn't know any spells.

Dungeon Overview and Level Annotations

Branches:
Dungeon (3/15)

Altars:
Kikubaaqudgha


Innate Abilities, Weirdness & Mutations

You have extremely sharp teeth.
Your natural rate of healing is unusually fast.
When hurt, damage is shared between your health and your magic reserves.
Your bite disrupts and absorbs the magic of your enemies.
Potions and wands cannot restore your health.
You are immune to rotting.


Message History

You hit the orc. You bite the orc, but do no damage.
The orc is moderately wounded.
The orc hits you with a flail.
You closely miss the orc.
The orc is moderately wounded.
The orc hits you but does no damage.
You hit the orc. You bite the orc, but do no damage.
The orc is heavily wounded.
The orc hits you with a flail.
* * * LOW HITPOINT WARNING * * *
You hit the orc but do no damage. You bite the orc. You drain its power.
You feel invigorated.
The orc is severely wounded.
The orc hits you but does no damage.
You barely miss the orc. You bite the orc, but do no damage.
The orc is severely wounded.
You hit the orc but do no damage. You bite the orc, but do no damage.
The orc is severely wounded.
The orc hits you with a flail!
You die...

. .. ###.. #.#.####.
#.#........# #............
########.#.#.#....#.#
#................#....
#.......@o............
+......#.#..........
######..........#.##..# #
.........(............# .#
##.......#.#.#.##.#..# .#
#.......#.#......#..#..# .
#.......#.#...##.#.<#..###.#
#.#
####......#.................
#.#
#...)##.###......#..........


You could see an orc.

Vanquished Creatures
  Terence (D:2)
  4 adders
  2 gnolls (D:3)
  An orc (D:3)
  A bat (D:1)
  3 goblins
  2 hobgoblins
  2 kobolds
  A giant newt (D:2)
  2 jackals (D:1)
19 creatures vanquished.

Notes
Turn   | Place    | Note
--------------------------------------------------------------
     0 | D:1      | Money, the Vine Stalker Gladiator, began the quest for the Orb.
     0 | D:1      | Reached XP level 1. HP: 11/11 MP: 1/1
    44 | D:1      | Reached skill level 1 in Unarmed Combat
    99 | D:1      | Reached XP level 2. HP: 12/15 MP: 3/3
   248 | D:2      | Reached XP level 3. HP: 14/18 MP: 2/4
   287 | D:2      | Noticed Terence
   301 | D:2      | Killed Terence
   301 | D:2      | Reached skill level 3 in Unarmed Combat
   371 | D:3      | Found an ancient bone altar of Kikubaaqudgha.
   380 | D:3      | Reached XP level 4. HP: 8/23 MP: 5/5
   453 | D:2      | Slain by an orc

Action                   |  1- 3 |  4- 6 || total
-------------------------+-------+-------++-------
Melee: Cutlass           |    57 |    19 ||    76
